montu, chaotic male human Wizard ---------------- ----- |..............| #-...-# |..............| #|...|## |..............| ------- #----- # |........%.....| |..)...# ### # ------------.-.- |.....|# ## # #### ### ## |.*.<.|######### # # ########## ## -------# ---.--# # ## # # ########### ###-.....# # ------ -----|-- ### # `### |....| ## |....| |.}^...| # ### ####|.....### ###.....| |.----.| ##### #+....| # |....| ----- #-.| |.| # # ------ ### |.)..| ....| #|.----.| -.-+-|------- # |....| ..%..######|.>....| |(....@.....| ####.....| ...| -------- |....@_.....| ------ |............ |...........| ------------- montu the Wizard Experience level: 11 Strength: 15 Dexterity: 12 Constitution: 16 Intelligence: 18 Wisdom: 19 Charisma: 8 Health: 0(85) Energy: 143(150) Def: 4 Gold: 0 Moves: 18387 Dungeon seed [set]: Game ID: montu_1705439584 Your Inventory: Amulets M - a cursed amulet of reflection (being worn) Weapons x - the blessed rustproof +6 Magicbane (weapon in hand) I - a blessed +4 quarterstaff named Quarterstaff of Reckoning Armor e - a cursed greased +0 cloak of magic resistance (being worn) r - an uncursed +0 pair of high boots (being worn) y - an uncursed +0 elven leather helm (being worn) S - an uncursed greased +0 helmet Comestibles c - an uncursed lizard corpse Potions H - a cursed potion of booze Rings i - an uncursed ring of invisibility A - an uncursed ring of conflict D - an uncursed ring of regeneration F - an uncursed +2 ring of gain constitution (on left hand) J - an uncursed ring of protection from shape changers L - an uncursed ring of see invisible Wands f - an uncursed wand of lightning (0:0) g - a cursed wand of striking (0:8) s - an uncursed wand of lightning (0:0) C - an uncursed wand of striking (0:8) O - an uncursed wand of magic missile (0:5) R - an uncursed wand of enlightenment (0:10) U - an uncursed wand of light (0:13) V - an uncursed wand of make invisible (0:6) X - an uncursed wand of sleep (0:5) Y - an uncursed wand of speed monster (0:3) Z - an uncursed wand of undead turning (0:8) Tools l - an uncursed lock pick m - a blessed can of grease (0:13) o - an uncursed towel t - an uncursed mirror u - an uncursed +0 unicorn horn T - an uncursed stethoscope Spells and supernatural/magical abilities: Name Level Category Fail Memory a - force bolt 1 attack 0% 9% b - sleep 2 enchantment 0% 16% c - confuse monster 2 enchantment 0% 21% d - slow monster 1 enchantment 0% 35% e - jumping 1 escape 0% 48% f - detect food 2 divination 0% 48% g - magic missile 2 attack 0% 48% h - healing 1 healing 0% 9% i - clairvoyance 3 divination 0% 49% j - cause fear 3 enchantment 0% 49% k - wizard lock 2 matter 0% 49% l - identify 3 divination 0% 75% m - create monster 2 clerical 0% 85% n - light 1 divination 0% 90% o - charm monster 5 enchantment 85% 96% W - pray for help -- divine ? -- Your skills at the end: Miscellaneous Skills wands [Basic] stealth [Skilled] Weapon Skills dagger [Basic] quarterstaff [Basic] Spellcasting Skills attack spells [Expert] healing spells [Skilled] divination spells [Skilled] enchantment spells [Basic] Final Attributes: You were piously aligned. You were cold resistant. You were sleep resistant. You were poison resistant. You were magic-protected. Your writing hand was thoroughly cramped from overuse. You saw invisible. You were telepathic. You were going to confuse monsters. You were very stealthy. You were fast. You had reflection. You were unlucky. Anhur was angry with you. You are dead. Vanquished creatures: 2 giant mimics 3 umber hulks 3 large mimics a long worm 2 stalkers a fire elemental a water elemental a giant mummy an elf-lord a giant zombie 4 quantum mechanics 3 small mimics a xan an ettin mummy a brown bear a sasquatch a wood golem a pyrolisk 2 large dogs 2 stinking spheres a freezing sphere 2 shocking spheres 2 large cats a gargoyle 2 dwarf kings a tengu a gelatinous cube an ochre jelly a crocodile a chameleon a leocrotta a mountain centaur an elf mummy 3 human mummies 3 Grey-elves a python a cobra 2 black bears a wraith an ettin zombie a watchman an incubus 3 giant beetles 4 cockatrices 3 wolves a leprechaun a quivering blob 3 lizards a mumak 2 giant spiders 2 horses a vampire bat 3 forest centaurs 3 gnome kings 4 piranhas a giant eel 2 dwarf mummies 3 ogres an owlbear a dog a dingo 3 housecats a dwarf lord 3 blue jellies 3 water nymphs 4 white unicorns 3 gray unicorns 2 dust vortices 6 pit vipers 5 human zombies a rope golem 3 soldier ants 2 yellow lights 3 bugbears an imp a baby crocodile 8 Mordor orcs a rock mole 5 rock piercers 2 ponies 2 fog clouds 3 shriekers 5 violet fungi 15 gnome lords 6 gnomish wizards 8 jellyfish a kobold mummy a guardian naga hatchling 3 gray oozes 2 barrow wights 5 elf zombies 3 ghouls a straw golem 2 paper golems 5 giant ants 6 floating eyes 2 kittens 18 dwarves a quasit 2 kobold lords 2 kobold shamans 7 iguanas 4 hill orcs 11 rothes 2 rabid rats 2 centipedes 3 jitterbugs 5 giant bats 2 monkeys 3 dwarf zombies 3 wererats a werejackal 12 killer bees a gas spore 4 hobbits 5 acid blobs a large kobold 8 geckos 7 hobgoblins 10 giant rats 4 brown molds 2 yellow molds 3 green molds 3 red molds 56 gnomes 8 garter snakes 7 manes 3 gnome zombies 23 jackals 4 kobolds 20 newts 7 goblins 9 sewer rats 17 grid bugs 4 bats 12 lichens 2 kobold zombies 528 creatures vanquished. Voluntary challenges: You did not have reflection until turn 11601. You were not displaced. You had been an atheist until turn 2209. You did not donate to any temples.. You used a wielded weapon 455 times, starting on turn 40. You did not use plumbed fixtures. You read items or engraved 85 times, starting on turn 1162. You never genocided any monsters. You never polymorphed an object. You never changed form. You completed Sokoban on turn 11512, according to the rules. You used no wishes. You did not apply or invoke any artifacts. You never split a pudding. You wrote Elbereth's name 14 times, starting on turn 3851. You violated your moral code, losing 7 points of alignment, starting on turn 7583. Dungeon overview: The Dungeons of Doom: levels 1 to 17 Level 1 a long staircase Level 2 Level 3 a scroll shop, a fountain stairs to The Gnomish Mines Level 4 a general store, a fountain Level 5 many fountains Level 6 a potion shop stairs to Sokoban Level 7 a sink Level 8 a fountain, a sink Level 9 a vault, an altar to Ptah, some fountains Level 10 Level 11 a sink Level 12 a bench Level 13 a vault Level 14 Level 15 a bench Level 16 Level 17 <- You were here a vault, a temple to Ptah The Gnomish Mines: levels 4 to 11 Level 4 stairs to The Dungeons of Doom Level 5 Level 6 Level 7 many shops, a temple to Anhur, a magic chest, some trees Level 8 Level 9 Level 10 Level 11 Sokoban: levels 2 to 5 Level 2 a magic chest Level 3 a sink Level 4 a fountain Level 5 a magic chest stairs to The Dungeons of Doom History has recorded: On T:1 you entered the Dungeons of Doom to retrieve the Amulet of Yendor! On T:310 you reached level 2 of The Dungeons of Doom. On T:645 you advanced to experience level 2. On T:718 you reached level 3 of The Dungeons of Doom. On T:905 you advanced to experience level 3. On T:1398 you reached level 1 of The Gnomish Mines. On T:1412 you advanced to experience level 4. On T:1511 you advanced to experience level 5. On T:1742 you reached level 2 of The Gnomish Mines. On T:1882 you advanced to experience level 6. On T:2179 you reached level 3 of The Gnomish Mines. On T:2209 you prayed to Anhur. On T:2307 you reached level 4 of The Dungeons of Doom. On T:2814 you reached level 5 of The Dungeons of Doom. On T:3366 you reached level 6 of The Dungeons of Doom. On T:3669 you reached level 4 of Sokoban. On T:3673 you advanced to experience level 7. On T:3687 you opened a magic chest. On T:3959 you prayed to Anhur. On T:4066 you reached level 3 of Sokoban. On T:4606 you reached level 2 of Sokoban. On T:5127 you reached level 1 of Sokoban. On T:5738 you reached level 4 of The Gnomish Mines. On T:5829 you advanced to experience level 8. On T:6742 you reached level 5 of The Gnomish Mines. On T:6750 you prayed to Anhur. On T:7274 you entered the Minetown temple On T:8519 you received Magicbane from Anhur. On T:8726 you reached level 6 of The Gnomish Mines. On T:8736 you reached level 7 of The Gnomish Mines. On T:8777 you advanced to experience level 9. On T:9126 you reached level 8 of The Gnomish Mines. On T:9126 you reached the bottom of the Mines. On T:10176 you reached level 7 of The Dungeons of Doom. On T:10502 you reached level 8 of The Dungeons of Doom. On T:11512 you advanced to experience level 10. On T:11512 you entered the Sokoban zoo. On T:12170 you reached level 9 of The Dungeons of Doom. On T:12929 you reached level 10 of The Dungeons of Doom. On T:13765 you prayed to Anhur. On T:14063 you prayed to Anhur. On T:14822 you reached level 11 of The Dungeons of Doom. On T:15280 you reached level 12 of The Dungeons of Doom. On T:16185 you reached level 13 of The Dungeons of Doom. On T:16512 you advanced to experience level 11. On T:16595 you reached level 14 of The Dungeons of Doom. On T:17002 you reached level 15 of The Dungeons of Doom. On T:17064 you reached level 16 of The Dungeons of Doom. On T:17064 you entered the Rogue tribute level. On T:18044 you reached level 17 of The Dungeons of Doom. Score breakdown: Gold: 0 ( 0 points) Experience: 11 levels ( 1000 points) Exploration: 17 levels ( 480 points) Discoveries: 116 items ( 2000 points) Variety of kills: 137 monsters ( 2000 points) Major goal: Sokoban/Mines ( 1500 points) Survival: died (score multiplied by 3) Total score: 20940 Latest messages: You put an uncursed scroll of magic mapping into the sack. You put 2 uncursed scrolls of fire into the sack. You put an uncursed scroll of light into the sack. You put a blessed scroll of destroy armor into the sack. You carefully open the sack... You put an uncursed spellbook of healing into the sack. You carefully open the sack... You put an uncursed luckstone into the sack. Your hands begin to glow red. The priestess of Ptah swings her mace at you. The priestess of Ptah hits you! The priestess of Ptah kicks! The priestess of Ptah casts a spell at you! Severe wounds appear on your body! The priestess of Ptah swings her mace at you. The priestess of Ptah hits you! You die... Final status: Goodbye montu the Wizard, killed by a priestess of Ptah... You died in The Dungeons of Doom on dungeon level 17 with 20940 points, and 0 pieces of gold, after 18387 moves. You were level 11 with a maximum of 85 hit points when you died.